cohdb
Replays
Latest Replays
All Replays
Popular Replays
Top Player Replays
Match Explorer
How It Works
Community
CoH3 Stats
Reddit
Sign in to upload your games and track your stats! →
Sign in with Steam
Match 27807536
Unlisted
Match 27807536
Overview
Messages
Build Orders
End
Vickers Machine Gun Team
Construct Section Command Post
Selects Australian Defense Battlegroup
Selects Australian Light Infantry Section
Infantry Section
Australian Light Infantry Section
ML 3-inch Mortar Team
Construct Platoon Command Post
Selects Defensive Tactics
Unlock Bishop Self-propelled Artillery
Selects Hold the Line!
Vickers Machine Gun Team
6-pounder Anti-tank Gun Team
Bishop Self-propelled Artillery
Bishop Self-propelled Artillery
Royal Engineer Section
Hold the Line!
Royal Engineer Section
Infantry Section
CMP 15cwt Truck
Team Weapon Training
Selects CMP 15cwt Supply Run
Selects Artillery Trip Wire Flares
Royal Engineer Section
不满意来打我啊
Brown Dirt Cowboy
baboir
iAinEng
380535414
peerw11a
Gachi Milligan
REDCRAUN
0
0
Comments
sign in to comment!
No comments posted yet!